ABL
CRONULLA SHARKS @ CANTERBURY BULLDOGS
05/01/2022
 
TOP OF THE 1ST
Cronulla Sharks batting - Pitching for Canterbury Bulldogs : RHP Joe Pickwell
Pitching: RHP Joe Pickwell
Batting: LHB Nick Jeffcoate 0-0: Ball
1-0: Ground out U3 (Groundball, 3, EV 96.3 MPH)
Batting: RHB Sloan Windus 0-0: Ball
1-0: Ball
2-0: Ball
3-0: Called Strike
3-1: Called Strike
3-2: Ground out 6-3 (Groundball, 6, EV 83.8 MPH)
Batting: RHB Asa Thatcher 0-0: Foul Ball, location: 2F
0-1: Ground out 5-3 (Groundball, 56S, EV 81.3 MPH)
Top of the 1st over - 0 runs, 0 hits, 0 errors, 0 left on base; Cronulla 0 - Canterbury 0
BOTTOM OF THE 1ST
Canterbury Bulldogs batting - Pitching for Cronulla Sharks : LHP Young-chul Kong
Pitching: LHP Young-chul Kong
Batting: RHB Andre Farnsworth 0-0: Ball
1-0: Ball
2-0: Foul Ball, location: 2F
2-1: Foul Ball, location: 23F
2-2: Ball
3-2: Base on Balls
Batting: RHB David Oldreave 0-0: Bunted foul
0-1: Bunted foul
0-2: Foul Ball, location: 3F
0-2: DOUBLE (Line Drive, 9LM, EV 110.0 MPH)
Andre Farnsworth to third
Batting: LHB Max Walters 0-0: Called Strike
0-1: Ball
1-1: Foul Ball, location: 2F
1-2: Ball
2-2: Strikes out swinging
Batting: RHB Tas Reeves 0-0: Ball
1-0: Ball
2-0: Swinging Strike
2-1: 3-RUN HOME RUN (Line Drive, 78XD, EV 100.0 MPH), Distance : 403 ft
Batting: LHB Shane Johnston 0-0: Ball
1-0: Ball
2-0: Ground out 3-1 (Groundball, 34, EV 110.0 MPH)
Batting: RHB Harry Pratly 0-0: Called Strike
0-1: Ball
1-1: Ball
2-1: Ball
3-1: Base on Balls
Batting: RHB Ted Claridge 0-0: Ball
1-0: Called Strike
1-1: Ball
2-1: Foul Ball, location: 2F
2-2: Strikes out swinging
Bottom of the 1st over - 3 runs, 2 hits, 0 errors, 1 left on base; Cronulla 0 - Canterbury 3
TOP OF THE 2ND
Cronulla Sharks batting - Pitching for Canterbury Bulldogs : RHP Joe Pickwell
Batting: LHB Bill Gower 0-0: Ball
1-0: Ball
2-0: Ball
3-0: Called Strike
3-1: SINGLE (Line Drive, 9S, EV 93.1 MPH)
Batting: RHB Mark Ryan 0-0: Swinging Strike
0-1: Ball
1-1: Swinging Strike
1-2: Strikes out swinging
Batting: RHB Ollie Bullivant 0-0: Called Strike
0-1: Ball
1-1: Swinging Strike
1-2: Foul Ball, location: 2F
1-2: Strikes out swinging
Batting: SHB Tony Alvarado 0-0: Swinging Strike
0-1: Ball
1-1: Ball
2-1: Foul Ball, location: 2F
2-2: Ball
3-2: Foul Ball, location: 2F
3-2: Strikes out swinging
Top of the 2nd over - 0 runs, 1 hit, 0 errors, 1 left on base; Cronulla 0 - Canterbury 3
BOTTOM OF THE 2ND
Canterbury Bulldogs batting - Pitching for Cronulla Sharks : LHP Young-chul Kong
Batting: RHB Mitchel Watson 0-0: Called Strike
0-1: Ball
1-1: Swinging Strike
1-2: Fly out, F7 (Flyball, 7D, EV 101.9 MPH)
Batting: RHB Joe Pickwell 0-0: Ball
1-0: Foul Ball, location: 2F
1-1: Called Strike
1-2: Strikes out swinging
Batting: RHB Andre Farnsworth 0-0: Called Strike
0-1: Ball
1-1: Ball
2-1: Foul Ball, location: 23F
2-2: Strikes out swinging
Bottom of the 2nd over - 0 runs, 0 hits, 0 errors, 0 left on base; Cronulla 0 - Canterbury 3
TOP OF THE 3RD
Cronulla Sharks batting - Pitching for Canterbury Bulldogs : RHP Joe Pickwell
Batting: SHB Bruno Collick 0-0: Ball
1-0: Foul Ball, location: 2F
1-1: Swinging Strike
1-2: Strikes out swinging
Batting: LHB Young-chul Kong 0-0: Foul Ball, location: 2F
0-1: Ball
1-1: Ball
2-1: Foul Ball, location: 7LSF
2-2: Ball
3-2: Foul Ball, location: 7LDF
3-2: Strikes out swinging
Batting: LHB Nick Jeffcoate 0-0: Ball
1-0: Ground out 5-3 (Groundball, 5, EV 92.5 MPH)
Top of the 3rd over - 0 runs, 0 hits, 0 errors, 0 left on base; Cronulla 0 - Canterbury 3
BOTTOM OF THE 3RD
Canterbury Bulldogs batting - Pitching for Cronulla Sharks : LHP Young-chul Kong
Batting: RHB David Oldreave 0-0: Foul Ball, location: 2F
0-1: SINGLE (Groundball, 6MD, EV 105.6 MPH)
Batting: LHB Max Walters 0-0: Called Strike
0-1: SINGLE (Groundball, 56D, EV 103.1 MPH)
David Oldreave to second
Batting: RHB Tas Reeves 0-0: Called Strike
0-1: Foul Ball, location: 23F
0-2: Fielders Choice at 2nd, 4-6 (Groundball, 34D, EV 95.0 MPH)
David Oldreave to third
Batting: LHB Shane Johnston 0-0: Ball
1-0: Ball
2-0: SINGLE (Groundball, 4M, EV 106.3 MPH) (infield hit)
David Oldreave scores
Tas Reeves to second
Batting: RHB Harry Pratly 0-0: Foul Ball, location: 2F
0-1: Ball
1-1: Ball
2-1: Called Strike
2-2: Ball
3-2: Foul Ball, location: 2F
3-2: DOUBLE (Line Drive, 89XD, EV 107.5 MPH)
Tas Reeves scores
Shane Johnston to third
Runner from 3rd tries for Home, SAFE, throw by CF to home
Pitching: LHP Sid Lovibond
Batting: RHB Ted Claridge 0-0: Swinging Strike
0-1: Called Strike
0-2: Ball
1-2: Strikes out swinging
Batting: RHB Mitchel Watson 0-0: Intentional Walk
Batting: RHB Joe Pickwell 0-0: Called Strike
0-1: Ball
1-1: SINGLE (Line Drive, 6D, EV 102.5 MPH)
Harry Pratly to third
Mitchel Watson to second
Runner from 3rd tries for Home, SAFE, throw by CF to home
Batting: RHB Andre Farnsworth 0-0: Fielders Choice at 2nd, 5-4 (Groundball, 56, EV 80.6 MPH)
Bottom of the 3rd over - 4 runs, 5 hits, 0 errors, 2 left on base; Cronulla 0 - Canterbury 7
TOP OF THE 4TH
Cronulla Sharks batting - Pitching for Canterbury Bulldogs : RHP Joe Pickwell
Batting: RHB Sloan Windus 0-0: Ball
1-0: Called Strike
1-1: Swinging Strike
1-2: Foul Ball, location: 2F
1-2: Foul Ball, location: 3F
1-2: Foul Ball, location: 7LSF
1-2: Ball
2-2: Ground out 4-3 (Groundball, 4, EV 101.9 MPH)
Batting: RHB Asa Thatcher 0-0: SINGLE (Line Drive, 4D, EV 95.6 MPH)
Batting: LHB Bill Gower 0-0: Called Strike
0-1: Called Strike
0-2: Ball
1-2: Strikes out swinging
Batting: RHB Mark Ryan 0-0: Called Strike
0-1: Ball
1-1: Foul Ball, location: 25F
1-2: Foul Ball, location: 7LMF
1-2: 2-RUN HOME RUN (Flyball, 9D, EV 100.6 MPH), Distance : 401 ft
Batting: RHB Ollie Bullivant 0-0: Ball
1-0: SINGLE (Groundball, 56, EV 103.8 MPH) (infield hit)
Batting: SHB Tony Alvarado 0-0: Foul Ball, location: 7LSF
0-1: Called Strike
0-2: Fly out, F9 (Flyball, 9LM, EV 100.0 MPH)
Top of the 4th over - 2 runs, 3 hits, 0 errors, 1 left on base; Cronulla 2 - Canterbury 7
BOTTOM OF THE 4TH
Canterbury Bulldogs batting - Pitching for Cronulla Sharks : LHP Sid Lovibond
Batting: RHB David Oldreave 0-0: Fly out, F8 (Flyball, 89S, EV 84.4 MPH)
Batting: LHB Max Walters 0-0: Ball
1-0: Called Strike
1-1: Ball
2-1: Fly out, F9 (Flyball, 9LD, EV 105.6 MPH)
Batting: RHB Tas Reeves 0-0: Ball
1-0: Ball
2-0: Swinging Strike
2-1: Foul Ball, location: 2F
2-2: SINGLE (Line Drive, 34D, EV 111.3 MPH)
Batting: LHB Shane Johnston 0-0: Called Strike
0-1: Fly out, F8 (Flyball, 8LD, EV 99.4 MPH)
Bottom of the 4th over - 0 runs, 1 hit, 0 errors, 1 left on base; Cronulla 2 - Canterbury 7
TOP OF THE 5TH
Cronulla Sharks batting - Pitching for Canterbury Bulldogs : RHP Joe Pickwell
Batting: SHB Bruno Collick 0-0: Foul Ball, location: 7LMF
0-1: Reached via error on a dropped throw from 2B, E3 (Groundball, 4, EV 103.8 MPH)
Batting: LHB Sid Lovibond 0-0: Bunted foul
0-1: Sac Bunt to 23 - play at first, batter OUT! 3-4
Bruno Collick to second
Batting: LHB Nick Jeffcoate 0-0: SINGLE (Line Drive, 9LS, EV 86.3 MPH)
Bruno Collick to third
Batting: RHB Sloan Windus 0-0: Ball
1-0: Called Strike
Nick Jeffcoate is caught stealing 2nd base 2-4
1-1: Foul Ball, location: 2F
1-2: Strikes out swinging
Top of the 5th over - 0 runs, 1 hit, 1 error, 1 left on base; Cronulla 2 - Canterbury 7
BOTTOM OF THE 5TH
Canterbury Bulldogs batting - Pitching for Cronulla Sharks : LHP Sid Lovibond
Batting: RHB Harry Pratly 0-0: Ball
1-0: Called Strike
1-1: Called Strike
1-2: Ball
2-2: Foul Ball, location: 25F
2-2: Foul Ball, location: 7LDF
2-2: Ball
3-2: Base on Balls
Batting: RHB Ted Claridge 0-0: SINGLE (Groundball, 34D, EV 94.4 MPH) - runner OUT being hit by batted ball. (infield hit)
Batting: RHB Mitchel Watson 0-0: Foul Ball, location: 2F
0-1: 2-RUN HOME RUN (Flyball, 7LD, EV 92.5 MPH), Distance : 359 ft
Batting: RHB Joe Pickwell 0-0: Fly out, F8 (Flyball, 8RD, EV 99.4 MPH)
Batting: RHB Andre Farnsworth 0-0: Ball
1-0: Ball
2-0: Called Strike
2-1: Ground out 3-1 (Groundball, 34S, EV 86.3 MPH)
Bottom of the 5th over - 2 runs, 2 hits, 0 errors, 0 left on base; Cronulla 2 - Canterbury 9
TOP OF THE 6TH
Cronulla Sharks batting - Pitching for Canterbury Bulldogs : RHP Joe Pickwell
Batting: RHB Asa Thatcher 0-0: Called Strike
0-1: Ball
1-1: Ball
2-1: Fly out, F8 (Flyball, 8LXD, EV 99.4 MPH)
Batting: LHB Bill Gower 0-0: Ball
1-0: Foul Ball, location: 5SF
1-1: Foul Ball, location: 7LSF
1-2: Ball
2-2: Strikes out swinging
Batting: RHB Mark Ryan 0-0: Ball
1-0: Ball
2-0: DOUBLE (Line Drive, 78D, EV 98.8 MPH)
Batting: RHB Ollie Bullivant 0-0: Ball
1-0: Ball
2-0: DOUBLE (Line Drive, 7LS, EV 105.6 MPH)
Mark Ryan scores
Batting: SHB Tony Alvarado 0-0: Called Strike
0-1: Ball
1-1: Ground out 3-1 (Groundball, 13, EV 83.1 MPH)
Top of the 6th over - 1 run, 2 hits, 0 errors, 1 left on base; Cronulla 3 - Canterbury 9
BOTTOM OF THE 6TH
Canterbury Bulldogs batting - Pitching for Cronulla Sharks : LHP Sid Lovibond
Batting: RHB David Oldreave 0-0: SINGLE (Line Drive, 7LS, EV 96.3 MPH)
Batting: LHB Max Walters 0-0: Ball
1-0: SINGLE (Groundball, 4M, EV 91.9 MPH)
David Oldreave to second
Batting: RHB Tas Reeves 0-0: Called Strike
0-1: Fly out, F8 (Flyball, 8LD, EV 110.6 MPH)
Runner from 2nd tags up, SAFE at 3rd with throw by CF
Batting: LHB Shane Johnston 0-0: Called Strike
0-1: Fly out, F8 (Flyball, 8LS, EV 90.6 MPH)
Runner from 3rd tags up, SCORES, throw by CF
Batting: RHB Harry Pratly 0-0: Ball
1-0: Foul Ball, location: 2F
1-1: Ball
2-1: Fly out, F9 (Flyball, 89S, EV 88.8 MPH)
Bottom of the 6th over - 1 run, 2 hits, 0 errors, 1 left on base; Cronulla 3 - Canterbury 10
TOP OF THE 7TH
Cronulla Sharks batting - Pitching for Canterbury Bulldogs : RHP Joe Pickwell
Batting: SHB Bruno Collick 0-0: Called Strike
0-1: DOUBLE (Line Drive, 7LS, EV 85.6 MPH)
Pinch Hitting: RHB John Elkington 0-0: Ball
1-0: Foul Ball, location: 5F
1-1: Ball
2-1: Swinging Strike
2-2: Strikes out swinging
Pitching: RHP Keiron Cunningham
Batting: LHB Nick Jeffcoate 0-0: Ball
1-0: SINGLE (Line Drive, 56D, EV 100.0 MPH)
Bruno Collick to third
Batting: RHB Sloan Windus 0-0: Called Strike
Nick Jeffcoate steals 2nd base (no throw)
0-1: DOUBLE (Line Drive, 7LS, EV 103.8 MPH)
Bruno Collick scores
Nick Jeffcoate scores
Batting: RHB Asa Thatcher 0-0: Foul Ball, location: 7LDF
0-1: Fly out, F8 (Flyball, 8RM, EV 80.6 MPH)
Runner from 2nd tags up, SAFE at 3rd with throw by CF
Batting: LHB Bill Gower 0-0: Ball
1-0: Ball
2-0: Called Strike
2-1: Ball
3-1: Foul Ball, location: 2F
3-2: Foul Ball, location: 5DF
3-2: Foul Ball, location: 7LDF
3-2: Ground out U3 (Groundball, 3S, EV 69.4 MPH)
Top of the 7th over - 2 runs, 3 hits, 0 errors, 1 left on base; Cronulla 5 - Canterbury 10
BOTTOM OF THE 7TH
Canterbury Bulldogs batting - Pitching for Cronulla Sharks : LHP Sid Lovibond
Pitching: RHP Graeme Humphreys
Batting: RHB Ted Claridge 0-0: Ball
1-0: Called Strike
1-1: Swinging Strike
1-2: Ball
2-2: Foul Ball, location: 9LDF
2-2: Strikes out looking
Batting: RHB Mitchel Watson 0-0: Ball
1-0: Called Strike
1-1: DOUBLE (Groundball, 5L, EV 101.3 MPH)
Pinch Hitting: RHB Daniel Chesire 0-0: Called Strike
0-1: Ground out 1-3 (Groundball, 13S, EV 71.9 MPH)
Batting: RHB Andre Farnsworth 0-0: Ball
1-0: Ground out 6-3 (Groundball, 6, EV 105.6 MPH)
Bottom of the 7th over - 0 runs, 1 hit, 0 errors, 1 left on base; Cronulla 5 - Canterbury 10
TOP OF THE 8TH
Cronulla Sharks batting - Pitching for Canterbury Bulldogs : RHP Keiron Cunningham
Pitching: RHP John Warbrick
Batting: RHB Mark Ryan 0-0: Called Strike
0-1: Ground out 4-3 (Groundball, 4S, EV 81.3 MPH)
Pinch Hitting: LHB Carmen Sims 0-0: Ball
1-0: Ball
2-0: Foul Ball, location: 7LMF
2-1: Called Strike
2-2: Ball
3-2: Foul Ball, location: 7LSF
3-2: Strikes out swinging
Batting: SHB Tony Alvarado 0-0: Foul Ball, location: 5FF
0-1: Swinging Strike
0-2: Strikes out looking
Top of the 8th over - 0 runs, 0 hits, 0 errors, 0 left on base; Cronulla 5 - Canterbury 10
BOTTOM OF THE 8TH
Canterbury Bulldogs batting - Pitching for Cronulla Sharks : RHP Graeme Humphreys
Now at 1B: Carmen Sims
Now at 2B: Sloan Windus
Batting: RHB David Oldreave 0-0: Called Strike
0-1: Ball
1-1: Called Strike
1-2: Foul Ball, location: 25F
1-2: Ball
2-2: SINGLE (Line Drive, 4M, EV 106.9 MPH)
Batting: LHB Max Walters 0-0: Called Strike
0-1: Swinging Strike
0-2: Foul Ball, location: 3F
0-2: Ball
1-2: Ball
2-2: Strikes out looking
Batting: RHB Tas Reeves 0-0: Called Strike
0-1: Ball
1-1: Ball
2-1: Ball
3-1: Fly out, F7 (Flyball, 7LS, EV 85.0 MPH)
Batting: LHB Shane Johnston 0-0: SINGLE (Groundball, 6MD, EV 108.1 MPH)
David Oldreave to second
Runner from 2nd tries for 3rd, SAFE, no throw by CF
Batting: RHB Harry Pratly 0-0: Called Strike
0-1: Called Strike
0-2: Ball
1-2: Ball
2-2: Ball
3-2: Strikes out looking
Bottom of the 8th over - 0 runs, 2 hits, 0 errors, 2 left on base; Cronulla 5 - Canterbury 10
TOP OF THE 9TH
Cronulla Sharks batting - Pitching for Canterbury Bulldogs : RHP John Warbrick
Batting: SHB Bruno Collick 0-0: Ball
1-0: Ball
2-0: Called Strike
2-1: Ball
3-1: Swinging Strike
3-2: Base on Balls
Pinch Hitting: RHB Kirby Penfold 0-0: Foul Ball, location: 25F
0-1: Called Strike
0-2: Strikes out swinging
Batting: LHB Nick Jeffcoate 0-0: Foul Ball, location: 25F
0-1: Grounds into double play, 4-6-3 (Groundball, 4, EV 100.0 MPH)
Top of the 9th over - 0 runs, 0 hits, 0 errors, 0 left on base; Cronulla 5 - Canterbury 10
Saturday, April 27th , 2024 - OOTP Baseball 24.9 Build 80